 Dungeon Crawl Stone Soup version 0.29.1-1-gd02db6906a (webtiles) character file.

Game seed: 2841693499933060421

68041 Ijustatesigmund the Warrior (level 15, -4/103 HPs)
             Began as a Gargoyle Fighter on Sept 20, 2022.
             Was the Champion of Cheibriados.
             Killed by Lee's Rapid Deconstruction
             ... invoked by Jorgrun
              (23 damage)
             ... on level 2 of the Orcish Mines on Sept 21, 2022.
             The game lasted 01:06:46 (30973 turns).

Ijustatesigmund the Warrior (Gargoyle Fighter)     Turns: 30973, Time: 01:06:46

Health: -4/103     AC: 23    Str: 38    XL:     15   Next: 25%
Magic:  24/24      EV: 28    Int: 34    God:    Cheibriados [******]
Gold:   1662       SH: 13    Dex: 26    Spells: 6/14 levels left

rFire   + . .      SeeInvis +   m - +4 flail (protect)
rCold   + . .      Faith    .   c - +0 kite shield {reflect}
rNeg    + . .      Spirit   .   b - +0 acid dragon scales
rPois   ∞          Reflect  +   t - +0 helmet {SInv}
rElec   +          Harm     .   I - +1 cloak {Will+}
rCorr   +          Rampage  .   y - +0 pair of gloves
Will    ++...                   (no boots)
Stlth   +++.......              h - amulet "Akimu" {Acrobat SInv}
HPRegen 0.27/turn               j - +6 ring of intelligence
MPRegen 0.19/turn               (no ring)

@: resistant, acrobatic, flying, very slow
A: sickness immunity, AC +11, big wings, negative energy resistance 1,
electricity resistance, torment resistance 1, petrification resistance, thin
skeletal structure 1, subdued magic 1
a: Renounce Religion, Bend Time, Temporal Distortion, Slouch, Step From Time


You were on level 2 of the Orcish Mines.
You worshipped Cheibriados.
Cheibriados was exalted by your worship.
You visited 3 branches of the dungeon, and saw 20 of its levels.
You also visited: Bailey and Gauntlet.

You collected 1766 gold pieces.
You spent 104 gold pieces at shops.

Inventory:

Hand Weapons
 a - a +3 hammer of electrocution
 m - a +4 flail of protection (weapon)
Missiles
 M - 2 throwing nets (quivered)
Armour
 b - +0 acid dragon scales (worn)
 c - a +0 kite shield of reflection (worn)
 o - a +4 ring mail of cold resistance
 t - a +0 helmet of see invisible (worn)
 y - a +0 pair of gloves (worn)
 F - the +1 robe of Vines {NoPotionHeal Regen++++}
   (You found it on level 3 of the Lair of Beasts)

   Its wearer cannot be healed by potions.
   Regen:     It increases your rate of health regeneration.
 I - a +1 cloak of willpower (worn)
Jewellery
 h - the amulet "Akimu" (around neck) {Acrobat SInv}
   (You took it off a minotaur in a Gauntlet)

   [amulet of the acrobat]

   It increases your evasion while moving and waiting.
   SInv:      It lets you see invisible.
 j - a +6 ring of intelligence (left hand)
Wands
 k - a wand of polymorph (2)
 r - a wand of flame (4)
 L - a wand of digging (7)
Scrolls
 d - 2 scrolls of fear
 i - 4 scrolls of magic mapping
 n - 2 scrolls of enchant weapon
 s - a scroll of torment
 u - a scroll of poison
 w - a scroll of fog
 x - 8 scrolls of identify
 A - 2 scrolls of blinking
 B - a scroll of immolation
 E - a scroll of amnesia
 K - a scroll of acquirement
Potions
 g - 5 potions of haste
 l - 3 potions of magic
 p - 4 potions of curing
 q - 7 potions of brilliance
 v - 6 potions of mutation
 G - 2 potions of ambrosia
 H - a potion of invisibility
Miscellaneous
 f - a condenser vane (inert)


   Skills:
 + Level 15.2 Fighting
 + Level 13.8 Maces & Flails
 - Level 6.6 Armour
 - Level 4.1 Dodging
 - Level 7.5 Shields
 + Level 2.4 Conjurations
 - Level 3.7 Translocations
 - Level 4.7 Earth Magic
 + Level 12.4 Invocations
 - Level 8.8 Evocations


You had 6 spell levels left.
You knew the following spells:

 Your Spells              Type           Power      Damage    Failure   Level
a - Apportation           Tloc           38%        N/A       3%          1
b - Blink                 Tloc           38%        N/A       5%          2
c - Passwall              Tmut/Erth      10%        N/A       10%         2
d - Stone Arrow           Conj/Erth      36%        3d9       13%         3

Your spell library contained the following spells:

 Spells                   Type           Power      Damage    Failure   Level
 Sandblast                Erth           48%        2d12      2%          1
 Shock                    Conj/Air       24%        1d4       11%         1
 Static Discharge         Conj/Air       6%         3-4/arc   17%         2
 Beastly Appendage        Tmut           0%         N/A       19%         1
 Necrotise                Necr           0%         1d4       19%         1
 Summon Small Mammal      Summ           0%         N/A       19%         1
 Poisonous Vapours        Pois/Air       0%         N/A       28%         2
 Wereblood                Tmut           0%         N/A       28%         2
 Ignite Poison            Fire/Tmut/Pois 0%         N/A       50%         3
 Ozocubu's Armour         Ice            0%         N/A       50%         3
 Spider Form              Tmut/Pois      0%         N/A       50%         3
 Swiftness                Air            0%         N/A       50%         3
 Animate Armour           Summ/Erth      24%        N/A       58%         4
 Leda's Liquefaction      Hex/Erth       6%         N/A       58%         4
 Lee's Rapid Deconstruct  Erth           12%        3d9*      61%         5
 Manifold Assault         Tloc           19%        N/A       73%         5
 Airstrike                Air            0%         2d(0-16)  89%         4
 Blade Hands              Tmut           0%         N/A       99%         5
 Iron Shot                Conj/Erth      9%         9d3       100%        6
 Ozocubu's Refrigeration  Ice            0%         4d7       100%        7
 Storm Form               Tmut/Air       0%         N/A       100%        7
 Summon Hydra             Summ           0%         N/A       100%        7
 Lehudib's Crystal Spear  Conj/Erth      9%         10d4      100%        8
 Shatter                  Erth           12%        3d13*     100%        9
 Sublimation of Blood     Necr           Unusable   N/A       N/A         2
 Statue Form              Tmut/Erth      Unusable   N/A       N/A         6

Dungeon Overview and Level Annotations

Branches:
Dungeon (13/15)            Temple (0/1) D:6            Lair (5/5) D:11
 Shoals (0/4) Lair:3        Snake (0/4) Lair:2        Slime (0/5) Lair:4
    Orc (2/2) D:9             Elf (0/3) Orc:2        Vaults (0/5) D:13
 Bailey (visited)         Gauntlet (visited)

Altars:
Cheibriados
Dithmenos
Elyvilon
Hepliaklqana
Okawaru
Ru
Uskayaw
Vehumet
Wu Jian
Jiyva

Shops:
D:5 !:[:=!   D:6 *   D:8 [   Orc:1 :

Annotations:
D:6 3 runed translucent doors, nawrastar's ghost, novice KoBe
Lair:1 1 runed translucent door, topfpfpflanze's ghost, journeyman KoAM
Orc:2 Jorgrun


Innate Abilities, Weirdness & Mutations

You are immune to sickness and miasma.
Your stone body is resilient. (AC +11)
You are immune to poison.
Your large and strong wings let you fly.
You resist negative energy. (rN+)
You are resistant to electric shocks. (rElec)
You are resistant to unholy torment.
You are immune to petrification.
You have a somewhat thin skeletal structure. (Dex +2, Stealth+)
Your spells are a little easier to cast, but a little less powerful.


Message History

Jorgrun Earthshaker comes into view.
He is wielding a staff of earth.
The orc warrior is engulfed in poison gas.
The orc warrior looks as sick as possible!
You kill the orc warrior!
Cheibriados appreciates the change of pace.
The orc warrior looks even sicker.
The ettin is engulfed in poison gas.
The ettin looks as sick as possible!
The orc warrior is engulfed in poison gas.
The orc warrior looks as sick as possible!
You kill the orc warrior!
Cheibriados thoroughly appreciates the change of pace.
Found 24 gold pieces.
Jorgrun shouts!
Jorgrun casts a spell at you.
You easily resist.
The ettin is engulfed in poison gas.
The ettin looks as sick as possible!
Jorgrun points at you and mumbles some strange words.
Roots burst forth from the earth!
The grasping roots grab you! The grasping roots constrict you.
The ettin is engulfed in poison gas.
The ettin looks as sick as possible!
You block the ettin's attack.
The ettin hits you with a +0 dire flail!!
* * * LOW HITPOINT WARNING * * *
You bludgeon the ettin!!
Your weapon exudes an aura of protection.
The ettin is almost dead.
The grasping roots constrict you!
* * * LOW HITPOINT WARNING * * *
The ettin is engulfed in poison gas.
The ettin looks as sick as possible!
You kill the ettin!
Cheibriados appreciates the change of pace.
You feel much better. The grasping roots constrict you.
You feel protected. Jorgrun gestures at you while chanting.
You are unaffected.
The grasping roots constrict you!
* * * LOW HITPOINT WARNING * * *
You escape the roots grasp.
Found a staircase to the Elven Halls.
Jorgrun points at you and mumbles some strange words.
You shatter!!
You die...

....>..........
........$.......
................
............g...
................
................
.................
.........@.......
.................
.......☼§§.......
.......§§§§§.....
........§)o§§.....
........§§§§§.....
......$.§§§.§§§...
.......).T..§§§....$
............§§§.....


You could see Jorgrun, a troll (wandering) and an orc warrior (poisoned).

Vanquished Creatures
  An entropy weaver (Gauntlet)
  A minotaur (Gauntlet)
  An ettin (Orc:2)
  4 boulder beetles
  An ice dragon (Lair:2)
  2 vault guards (D:13)
  5 hydras
  A centaur warrior (Orc:2)
  A catoblepas (Lair:5)
  A deep troll shaman (Lair:5)
  14 death yaks
  5 skeletal warriors (D:11)
  2 orc knights (Orc:2)
  2 ugly things (D:13)
  4 manticores
  An orc sorcerer (Orc:1)
  An oklob plant (Lair:3)
  A cyclops (D:13)
  9 elephants
  A black mamba (Lair:1)
  A torpor snail (Lair:1)
  5 cane toads
  An unseen horror (shapeshifter) (D:13)
  2 kobold demonologists (D:12)
  3 rime drakes
  8 komodo dragons
  An anaconda simulacrum (Lair:2)
  4 ice devils (Lair:2)
  5 polar bears
  6 trolls
  A wind drake (Lair:3)
  3 meliai (D:12)
  3 dream sheep (Lair:3)
  9 blink frogs
  6 slime creatures (D:12)
  5 shadows
  A culicivora (shapeshifter) (D:13)
  4 basilisks
  8 wyverns
  38 yaks
  4 wraiths
  A chaos spawn (Gauntlet)
  2 redbacks (Gauntlet)
  2 steam dragons
  A neqoxec (Gauntlet)
  A harpy simulacrum (Lair:2)
  8 water moccasins
  3 acid dragons
  A warg (Orc:1)
  25 orc warriors
  An ice beast (D:5)
  6 black bears
  6 ogres
  18 wolves
  6 centaurs
  6 phantoms
  3 kobold brigands
  8 bullfrogs
  2 necrophages (D:8)
  10 scorpions
  11 wights
  5 howler monkeys
  3 electric eels
  7 hounds
  3 orc priests
  Crazy Yiuf (D:7)
  3 jellies
  Natasha (thrice) (D:2)
  Terence (D:2)
  14 orc wizards
  4 iguanas
  A spriggan simulacrum (Lair:2)
  13 gnolls
  7 adders
  2 shadow imps
  A white imp (Lair:2)
  3 ufetubi
  3 worms
  3 dart slugs
  65 orcs
  12 bats
  5 endoplasms
  4 giant cockroaches
  15 goblins
  4 hobgoblins
  13 jackals
  23 kobolds
  5 quokkas
  11 ball pythons
  3 frilled lizards
  6 rats
540 creatures vanquished.

Vanquished Creatures (collateral kills)
  6 vault guards (D:13)
  A two-headed ogre (D:12)
  A komodo dragon (D:12)
  2 slime creatures (D:12)
  2 orc warriors (Orc:2)
  A kobold brigand (D:12)
  An orc (Bailey)
  2 kobolds (D:12)
16 creatures vanquished.

Vanquished Creatures (others)
  A centaur warrior (D:13)
  A manticore (D:12)
  A dream sheep (Lair:3)
  2 slime creatures (D:12)
  2 orc warriors
  8 orcs (Bailey)
  6 demonic plants (Gauntlet)
  38 fungi
  35 plants
  14 withered plants (Gauntlet)
108 creatures vanquished.

Grand Total: 664 creatures vanquished

Notes
Turn   | Place    | Note
-------+----------+-------------------------------------------
     0 | D:1      | Ijustatesigmund the Gargoyle Fighter began the quest for
                  | the Orb.
     0 | D:1      | Reached XP level 1. HP: 14/14 MP: 1/1
    35 | D:1      | Found a faded altar of an unknown god.
    50 | D:1      | Reached XP level 2. HP: 16/19 MP: 2/2
   378 | D:1      | Reached XP level 3. HP: 24/24 MP: 3/3
   383 | D:1      | Reached skill level 4 in Fighting
   993 | D:2      | Noticed Natasha
   993 | D:2      | Noticed Terence
  1002 | D:2      | Killed Terence
  1003 | D:2      | Reached XP level 4. HP: 22/30 MP: 4/4
  1650 | D:2      | Killed Natasha
  1651 | D:2      | Reached XP level 5. HP: 24/34 MP: 5/5
  1862 | D:2      | Reached skill level 5 in Fighting
  2102 | D:2      | Noticed Natasha
  2109 | D:2      | Killed Natasha
  2226 | D:2      | Noticed Natasha
  2269 | D:2      | Killed Natasha
  2415 | D:3      | Reached XP level 6. HP: 17/40 MP: 6/6
  3273 | D:4      | Noticed a black bear
  3282 | D:4      | Reached skill level 6 in Fighting
  3282 | D:4      | Reached skill level 5 in Maces & Flails
  3287 | D:4      | HP: 2/41 [black bear (5)]
  3290 | D:4      | Killed a black bear
  3291 | D:4      | Reached XP level 7. HP: 29/47 MP: 7/7
  3524 | D:4      | Identified the +6 sling of Eternal Harmony {venom, *Slow
                  | rElec Str+3}
  4651 | D:5      | Entered Level 5 of the Dungeon
  4657 | D:5      | Reached skill level 7 in Fighting
  4738 | D:5      | Reached XP level 8. HP: 52/53 MP: 8/8
  5134 | D:5      | Found a white marble altar of Elyvilon.
  5176 | D:5      | Found a hazy altar of Hepliaklqana.
  5313 | D:5      | Found Seito's Distillery.
  5322 | D:5      | Reached skill level 5 in Armour
  5328 | D:5      | Found Tuh Ezi's Jewellery Boutique.
  5343 | D:5      | Reached skill level 8 in Fighting
  5344 | D:5      | Found Vaphon's Armour Emporium.
  5344 | D:5      | Found Butodurch's Book Shoppe.
  5345 | D:5      | Found Duneg's Distillery.
  5345 | D:5      | Found Feismi's Book Shop.
  5367 | D:5      | Bought a potion of mutation for 104 gold pieces
  5407 | D:5      | Found a snail-covered altar of Cheibriados.
  5768 | D:5      | Reached XP level 9. HP: 37/60 MP: 9/9
  5981 | D:6      | Found Birar's CLEARANCE SALE!.
  6290 | D:6      | Reached skill level 9 in Fighting
  6322 | D:6      | Found a shadowy altar of Dithmenos.
  6398 | D:6      | Found a runed translucent gate.
  6399 | D:6      | Found a runed translucent gate.
  6399 | D:6      | Noticed nawrastar's ghost (novice KoBe)
  6400 | D:6      | Found a runed translucent gate.
  6523 | D:6      | Found a staircase to the Ecumenical Temple.
  6849 | D:5      | Became a worshipper of Cheibriados the Contemplative
  6872 | D:6      | Found a hide-covered altar of Uskayaw.
  7043 | D:6      | Found an iron altar of Okawaru.
  7115 | D:7      | Found a radiant altar of Vehumet.
  7170 | D:7      | Reached skill level 1 in Invocations
  7196 | D:7      | Found a flagged portal.
  7210 | Bailey   | Entered a bailey
  7476 | Bailey   | Reached skill level 1 in Evocations
  8324 | Bailey   | Acquired a +0 kite shield of reflection
  8330 | Bailey   | Noticed an orc knight
  8658 | D:7      | Reached * piety under Cheibriados
  8665 | D:7      | Reached XP level 10. HP: 59/66 MP: 11/13
  8951 | D:7      | Found a runed translucent door.
  8952 | D:7      | Noticed Crazy Yiuf
  8960 | D:7      | Killed Crazy Yiuf
  9060 | D:7      | Found an ornate altar of the Wu Jian Council.
  9185 | D:8      | Reached skill level 5 in Shields
  9189 | D:8      | Reached skill level 5 in Invocations
 10029 | D:8      | Found Ymaal's Armour Shop.
 10097 | D:8      | Found a sacrificial altar of Ru.
 10495 | D:9      | Reached ** piety under Cheibriados
 10688 | D:9      | Reached skill level 5 in Evocations
 11018 | D:9      | Found a staircase to the Orcish Mines.
 11269 | D:9      | Reached XP level 11. HP: 60/71 MP: 16/16
 11594 | D:10     | Entered Level 10 of the Dungeon
 11631 | D:10     | You fall into a shaft and drop 1 floor!
 11784 | D:11     | Noticed a boulder beetle
 11809 | D:11     | Killed a boulder beetle
 12304 | D:11     | Noticed a skeletal warrior
 12321 | D:11     | Killed a skeletal warrior
 12415 | D:11     | Noticed a skeletal warrior
 12442 | D:11     | Killed a skeletal warrior
 12751 | D:11     | Noticed a skeletal warrior
 12752 | D:11     | Noticed a skeletal warrior
 12752 | D:11     | Noticed a skeletal warrior
 13012 | D:11     | Reached *** piety under Cheibriados
 13061 | D:11     | Noticed a manticore
 13077 | D:11     | Killed a manticore
 13556 | D:11     | Reached skill level 10 in Fighting
 14186 | D:11     | Found a staircase to the Lair.
 14196 | D:11     | Reached **** piety under Cheibriados
 14922 | D:11     | Killed a skeletal warrior
 15229 | D:11     | Killed a skeletal warrior
 15230 | D:11     | Reached XP level 12. HP: 46/79 MP: 17/17
 15556 | D:11     | Reached skill level 11 in Fighting
 16056 | D:12     | Reached skill level 10 in Maces & Flails
 16339 | D:12     | Noticed a two-headed ogre
 16355 | D:12     | Killed a two-headed ogre
 16716 | D:12     | Noticed a boulder beetle
 16739 | D:12     | Killed a boulder beetle
 17455 | D:12     | Reached ***** piety under Cheibriados
 17763 | D:13     | Gained mutation: You have a somewhat thin skeletal
                  | structure. (Dex +2, Stealth+) [potion of mutation]
 17823 | D:13     | Noticed a centaur warrior
 17825 | D:13     | Noticed a boulder beetle
 17848 | D:13     | Killed a boulder beetle
 17849 | D:13     | Reached skill level 12 in Fighting
 18151 | D:13     | Noticed a vault guard
 18152 | D:13     | Noticed a vault guard
 18152 | D:13     | Noticed a vault guard
 18159 | D:13     | Noticed a vault guard
 18164 | D:13     | Killed a vault guard
 18166 | D:13     | Noticed a vault guard
 18171 | D:13     | Noticed a vault guard
 18171 | D:13     | Killed a vault guard
 18173 | D:13     | Killed a vault guard
 18174 | D:13     | Killed a vault guard
 18175 | D:13     | Reached XP level 13. HP: 47/87 MP: 19/19
 18176 | D:13     | Noticed a vault guard
 18179 | D:13     | Killed a vault guard
 18198 | D:13     | Killed a vault guard
 18224 | D:13     | Noticed a vault guard
 18238 | D:13     | Killed a vault guard
 18242 | D:13     | Killed a vault guard
 18793 | D:13     | Reached skill level 13 in Fighting
 19062 | D:13     | Got the Spellbook of Pestilent Arcane Weapons
 19575 | D:13     | Found a gate to the Vaults.
 19852 | Lair:1   | Entered Level 1 of the Lair of Beasts
 20076 | Lair:1   | Reached skill level 1 in Dodging
 20295 | Lair:1   | Identified the +1 hand axe "Lusob" {venom, Fly rPois rF-
                  | Stlth+}
 20702 | Lair:1   | Found a runed translucent door.
 20968 | Lair:1   | Noticed topfpfpflanze's ghost (journeyman KoAM)
 21329 | Lair:2   | Learned a level 1 spell: Apportation
 21381 | Lair:2   | Found a staircase to the Snake Pit.
 21397 | Lair:2   | Identified the +9 sling of Hycunyro {flame, Int+5}
 21729 | Lair:2   | Reached skill level 10 in Invocations
 21736 | Lair:2   | Reached skill level 1 in Translocations
 23067 | Lair:2   | Noticed an ice dragon
 23103 | Lair:2   | Killed an ice dragon
 23619 | Lair:3   | You fall into a shaft and drop 1 floor!
 23643 | Lair:4   | Found a viscous altar of Jiyva.
 23643 | Lair:4   | Found a staircase to the Slime Pits.
 23707 | Lair:4   | Gained mutation: Your large and strong wings let you fly.
                  | [Gargoyle growth]
 23707 | Lair:4   | Reached XP level 14. HP: 83/95 MP: 21/21
 24259 | Lair:3   | Found a staircase to the Shoals.
 24307 | Lair:3   | Reached skill level 14 in Fighting
 24814 | Lair:3   | Found the +1 robe of Vines {NoPotionHeal Regen++++}
 26786 | Lair:5   | Entered Level 5 of the Lair of Beasts
 26792 | Lair:5   | Got the Tome of Rocky Vapour
 26833 | Lair:5   | Learned a level 2 spell: Blink
 26836 | Lair:5   | Learned a level 2 spell: Passwall
 26836 | Lair:5   | Found a gate leading to a gauntlet.
 26841 | Gauntlet | Entered a Gauntlet
 26841 | Gauntlet | Found a transporter.
 26934 | Gauntlet | Found a transporter.
 26953 | Gauntlet | Found a transporter.
 26956 | Gauntlet | Noticed an entropy weaver
 26961 | Gauntlet | Found a transporter.
 27013 | Gauntlet | Found a transporter.
 27014 | Gauntlet | Gained mutation: Your spells are a little easier to cast,
                  | but a little less powerful. [a neqoxec]
 27032 | Gauntlet | Found a transporter.
 27032 | Gauntlet | Found a transporter.
 27033 | Gauntlet | Found a transporter.
 27038 | Gauntlet | Found a transporter.
 27075 | Gauntlet | Found a transporter.
 27116 | Gauntlet | Found a transporter.
 27139 | Gauntlet | Found a transporter.
 27139 | Gauntlet | Noticed an entropy weaver
 27149 | Gauntlet | Noticed a broodmother
 27149 | Gauntlet | a redback changed into a broodmother
 27179 | Gauntlet | Killed an entropy weaver
 27180 | Gauntlet | Reached skill level 1 in Earth Magic
 27465 | Gauntlet | Found a transporter.
 27488 | Gauntlet | Found a transporter.
 27498 | Gauntlet | Identified the amulet "Akimu" {Acrobat SInv}
 27630 | Gauntlet | Found a transporter.
 29111 | Lair:5   | Reached XP level 15. HP: 48/101 MP: 22/24
 29124 | Lair:5   | Reached ****** piety under Cheibriados
 29402 | Lair:5   | Identified the amulet "Zeegoistrad" {Reflect Rampage *Slow
                  | Str+8 Int+3 SH+5}
 29636 | Lair:5   | Learned a level 3 spell: Stone Arrow
 29781 | Orc:1    | Entered Level 1 of the Orcish Mines
 29791 | D:9      | Reached skill level 15 in Fighting
 30034 | Orc:1    | Found Sauhocs's Book Boutique.
 30134 | Orc:1    | Reached skill level 1 in Conjurations
 30363 | Orc:2    | Entered Level 2 of the Orcish Mines
 30968 | Orc:2    | Noticed Jorgrun
 30973 | Orc:2    | Found a staircase to the Elven Halls.
 30973 | Orc:2    | Killed from afar by Jorgrun

Illustrated notes

Levels and vault maps discovered:
D:1:      saegor_arrival_simple_b, layout_loops_ring,
          nicolae_ecumenical_snake_handling, minmay_octomino_e4
D:2:      layout_rooms, reono_crystal_passage, uniq_terence, uniq_natasha
D:3:      layout_basic
D:4:      layout_basic, kennysheep_pointless_box
D:5:      old_forge, layout_rooms, nicolae_overflow_hidden_temple,
          lemuel_tele_altar, lemuel_crystal_altar, nicolae_wooded_promenade
D:6:      layout_cave_pools, nicolae_uskayaw_murder_on_the_dancefloor,
          lemuel_coloured_pillars_altar,
          nicolae_dithmenos_through_a_glass_darkly,
          minmay_temple_entry_mini_moons, biasface_ghost_orc_armoury,
          nicolae_shop_clearance
D:7:      layout_rooms, nzn_wu_jian_council_hall, mainiacjoe_overflow_catwalk,
          enter_bailey_5, uniq_crazy_yiuf_cottage
D:8:      layout_basic, overflow_temple_1_default, serial_shops, shop,
          serial_corexii_hall, corexii_hall_statues_l,
          chequers_hall_statues_corner_a
D:9:      layout_loops_ring, david_orc_2
D:10:     layout_basic
D:11:     layout_grid_maze, erik_lair_island
D:12:     layout_basic
D:13:     layout_basic, erik_vaults_2
Lair:1:   layout_gridlike, ebering_ghost_reflecting_pool
Lair:2:   dreamdust_isle_of_ice, layout_concentric_octagons, dummy_snake_entry,
          gammafunk_lair_bear_cave
Lair:3:   layout_misc_corridors, minmay_shoals_entry_beasts,
          hellmonk_guarded_unrand_vines
Lair:4:   layout_loops_ring, slime_entry_1
Lair:5:   grunt_lair_end_beastmaster, layout_concentric_octagons,
          gauntlet_entry_generic, ldierk_geyser
Orc:1:    layout_diamond_mine, serial_shops, shop_statue, mines2_david
Orc:2:    st_orc_rangers, layout_diamond_mine, uniq_jorgrun

Skill      XL: |  1  2  3  4  5  6  7  8  9 10 11 12 13 14 15 |
---------------+----------------------------------------------+-----
Fighting       | 4 5 6 7 8 9 10 12 13 14 15 | 15.2
Maces & Flails | 3 4 5 6 7 8 9 11 12 13 | 13.8
Armour         | 4 5 6 |  6.6
Invocations    | 4 7 8 10 12 | 12.4
Evocations     | 3 5 7 8 |  8.8
Shields        | 4 7 |  7.5
Dodging        | 3 4 |  4.1
Translocations | 2 3 |  3.7
Earth Magic    | 4 |  4.7
Conjurations   | 2 |  2.4

Action                   |  1- 3 |  4- 6 |  7- 9 | 10-12 | 13-15 || total
-------------------------+-------+-------+-------+-------+-------++-------
Melee: Flail             |   102 |   252 |   459 |   720 |  1046 ||  2579
       Unarmed           |       |     1 |       |       |       ||     1
Throw: Throwing net      |       |     1 |     1 |       |     1 ||     3
 Cast: Apportation       |       |       |       |       |     3 ||     3
       Blink             |       |       |       |       |     3 ||     3
       Stone Arrow       |       |       |       |       |     4 ||     4
Invok: Slouch            |       |       |       |     2 |     5 ||     7
       Bend Time         |       |       |       |       |     4 ||     4
Evoke: Wand              |       |       |    12 |    22 |    41 ||    75
       Condenser vane    |       |       |       |       |     1 ||     1
  Use: Scroll            |     2 |     9 |    12 |    12 |    13 ||    48
       Potion            |       |     2 |     2 |     8 |     9 ||    21
 Stab: Sleeping          |       |       |       |     2 |    13 ||    15
       Invisible         |       |       |       |       |     2 ||     2
       Distracted        |       |       |       |       |     1 ||     1
       Held in net/web   |       |       |       |       |     1 ||     1
       Petrified         |       |       |       |       |    12 ||    12
       Petrifying        |       |       |       |       |     1 ||     1
Armor: Scale mail        |    84 |       |       |       |       ||    84
       Chain mail        |       |   211 |   335 |   175 |       ||   721
       Skin              |       |     3 |       |     4 |       ||     7
       Acid dragon scale |       |       |       |   291 |   557 ||   848
Dodge: Dodged            |    68 |   115 |   169 |   228 |   543 ||  1123
Block: Buckler           |    37 |    64 |   102 |       |       ||   203
       Kite shield       |       |       |    11 |   430 |   734 ||  1175
       Reflection        |       |       |       |    11 |    25 ||    36
